BSA
ST CHARLES SHEENS @ VISTA PANTHERS
04/07/2027
 
TOP OF THE 1ST
St Charles Sheens batting - Pitching for Vista Panthers : RHP Randy Mailman
Pitching: RHP Randy Mailman
Batting: RHB Jesús Hernández 0-0: Ball
1-0: Fly out, F4 (Line Drive, 4M)
Batting: LHB Gene Cooper 0-0: Called Strike
0-1: Ball
1-1: Called Strike
1-2: Foul Ball, location: 2F
1-2: DOUBLE (Groundball, 3L)
Batting: RHB Judson Backstrom 0-0: Called Strike
0-1: DOUBLE (Line Drive, 7D)
Gene Cooper scores
Batting: LHB Stan Bates 0-0: Fly out, F8 (Flyball, 78D)
Batting: RHB Max Rash 0-0: Ball
1-0: Ball
2-0: Foul Ball, location: 2F
2-1: Ball
3-1: Ground out 5-3 (Groundball, 56)
Top of the 1st over - 1 run(s), 2 hit(s), 0 error(s), 1 left on base; St Charles 1 - Vista 0
BOTTOM OF THE 1ST
Vista Panthers batting - Pitching for St Charles Sheens : RHP Oscar Wheeler
Pitching: RHP Oscar Wheeler
Batting: LHB Francisco Marino 0-0: Bunt for hit - play at first, batter OUT! 1-3
Batting: LHB Donovan Bird 0-0: Ball
1-0: Ball
2-0: Called Strike
2-1: Ground out 5-3 (Groundball, 56)
Batting: SHB Mark Wells 0-0: Called Strike
0-1: Ball
1-1: Ground out U3 (Groundball, 3)
Bottom of the 1st over - 0 run(s), 0 hit(s), 0 error(s), 0 left on base; St Charles 1 - Vista 0
TOP OF THE 2ND
St Charles Sheens batting - Pitching for Vista Panthers : RHP Randy Mailman
Batting: LHB Juan Jose Rojas 0-0: Swinging Strike
0-1: Ball
1-1: Fly out, F9 (Flyball, 9D)
Batting: RHB Dan Tyler 0-0: DOUBLE (Flyball, 8RD)
Batting: RHB Miguel Palácios 0-0: Ball
1-0: Ground out 6-3 (Groundball, 6D)
Batting: RHB Víctor Arredondo 0-0: Called Strike
0-1: Ball
1-1: Foul Ball, location: 2F
1-2: Ball
2-2: Ground out 6-3 (Groundball, 6S)
Top of the 2nd over - 0 run(s), 1 hit(s), 0 error(s), 1 left on base; St Charles 1 - Vista 0
BOTTOM OF THE 2ND
Vista Panthers batting - Pitching for St Charles Sheens : RHP Oscar Wheeler
Batting: LHB Bob Cunningham 0-0: Ball
1-0: Called Strike
1-1: Ball
2-1: Ground out 6-3 (Groundball, 56)
Batting: RHB Roberto Cruz 0-0: Ball
1-0: Ball
2-0: Ball
3-0: Called Strike
3-1: Called Strike
3-2: Fly out, F2 (Popup, 25)
Batting: RHB Salvador Salas 0-0: Ball
1-0: Foul Ball, location: 2F
1-1: Ground out 6-3 (Groundball, 56)
Bottom of the 2nd over - 0 run(s), 0 hit(s), 0 error(s), 0 left on base; St Charles 1 - Vista 0
TOP OF THE 3RD
St Charles Sheens batting - Pitching for Vista Panthers : RHP Randy Mailman
Batting: RHB Jesús Hernández 0-0: Ball
1-0: SINGLE (Groundball, 56D)
Batting: LHB Gene Cooper 0-0: Ball
1-0: Called Strike
1-1: Ball
2-1: Called Strike
2-2: Strikes out swinging
Batting: RHB Judson Backstrom 0-0: Ball
1-0: Ball
2-0: Called Strike
2-1: Ball
3-1: Grounds into double play, 4-6-3 (Groundball, 4)
Top of the 3rd over - 0 run(s), 1 hit(s), 0 error(s), 0 left on base; St Charles 1 - Vista 0
BOTTOM OF THE 3RD
Vista Panthers batting - Pitching for St Charles Sheens : RHP Oscar Wheeler
Batting: RHB Phil Matthews 0-0: Ball
1-0: Foul Ball, location: 2F
1-1: Foul Ball, location: 2F
1-2: Strikes out swinging
Batting: RHB Cisco Gatán 0-0: Foul Ball, location: 2F
0-1: Foul Ball, location: 2F
0-2: Strikes out swinging
Batting: RHB Justin Burgess 0-0: Called Strike
0-1: Ball
1-1: Called Strike
1-2: Foul Ball, location: 2F
1-2: Strikes out swinging
Bottom of the 3rd over - 0 run(s), 0 hit(s), 0 error(s), 0 left on base; St Charles 1 - Vista 0
TOP OF THE 4TH
St Charles Sheens batting - Pitching for Vista Panthers : RHP Randy Mailman
Batting: LHB Stan Bates 0-0: Called Strike
0-1: Called Strike
0-2: Ball
1-2: Strikes out swinging
Batting: RHB Max Rash 0-0: Called Strike
0-1: Ball
1-1: Ball
2-1: Foul Ball, location: 2F
2-2: Foul Ball, location: 2F
2-2: Ball
3-2: Ground out 6-3 (Groundball, 6)
Batting: LHB Juan Jose Rojas 0-0: Ball
1-0: Ground out 3-1 (Groundball, 34)
Top of the 4th over - 0 run(s), 0 hit(s), 0 error(s), 0 left on base; St Charles 1 - Vista 0
BOTTOM OF THE 4TH
Vista Panthers batting - Pitching for St Charles Sheens : RHP Oscar Wheeler
Batting: LHB Francisco Marino 0-0: Swinging Strike
0-1: Swinging Strike
0-2: Strikes out swinging
Batting: LHB Donovan Bird 0-0: Ball
1-0: Ball
2-0: Called Strike
2-1: Called Strike
2-2: Ball
3-2: Foul Ball, location: 2F
3-2: Ground out 4-3 (Groundball, 4)
Batting: SHB Mark Wells 0-0: Ground out 4-3 (Groundball, 4)
Bottom of the 4th over - 0 run(s), 0 hit(s), 0 error(s), 0 left on base; St Charles 1 - Vista 0
TOP OF THE 5TH
St Charles Sheens batting - Pitching for Vista Panthers : RHP Randy Mailman
Batting: RHB Dan Tyler 0-0: Ball
1-0: Foul Ball, location: 2F
1-1: Called Strike
1-2: Strikes out looking
Batting: RHB Miguel Palácios 0-0: Ball
1-0: Ball
2-0: Ground out 6-3 (Groundball, 6)
Batting: RHB Víctor Arredondo 0-0: Ball
1-0: Foul Ball, location: 2F
1-1: DOUBLE (Flyball, 89XD)
Batting: RHB Jesús Hernández 0-0: Ground out 6-3 (Groundball, 6)
Top of the 5th over - 0 run(s), 1 hit(s), 0 error(s), 1 left on base; St Charles 1 - Vista 0
BOTTOM OF THE 5TH
Vista Panthers batting - Pitching for St Charles Sheens : RHP Oscar Wheeler
Batting: LHB Bob Cunningham 0-0: Swinging Strike
0-1: Foul Ball, location: 2F
0-2: Ball
1-2: Strikes out swinging
Batting: RHB Roberto Cruz 0-0: Ball
1-0: Ball
2-0: Called Strike
2-1: Called Strike
2-2: Fly out, F7 (Line Drive, 7)
Batting: RHB Salvador Salas 0-0: Ball
1-0: Ball
2-0: Called Strike
2-1: Swinging Strike
2-2: Foul Ball, location: 2F
2-2: Foul Ball, location: 2F
2-2: Ball
3-2: Fly out, F7 (Line Drive, 7S)
Bottom of the 5th over - 0 run(s), 0 hit(s), 0 error(s), 0 left on base; St Charles 1 - Vista 0
TOP OF THE 6TH
St Charles Sheens batting - Pitching for Vista Panthers : RHP Randy Mailman
Batting: LHB Gene Cooper 0-0: Foul Ball, location: 2F
0-1: Ball
1-1: Called Strike
1-2: Ball
2-2: Fly out, F2 (Popup, 2L)
Batting: RHB Judson Backstrom 0-0: Foul Ball, location: 2F
0-1: Ground out 6-3 (Groundball, 56)
Batting: LHB Stan Bates 0-0: Fly out, F3 (Popup, 34)
Top of the 6th over - 0 run(s), 0 hit(s), 0 error(s), 0 left on base; St Charles 1 - Vista 0
BOTTOM OF THE 6TH
Vista Panthers batting - Pitching for St Charles Sheens : RHP Oscar Wheeler
Batting: RHB Phil Matthews 0-0: Ball
1-0: Ball
2-0: Ground out 6-3 (Groundball, 6)
Batting: RHB Cisco Gatán 0-0: Foul Ball, location: 2F
0-1: Swinging Strike
0-2: Ball
1-2: Ground out 6-3 (Groundball, 6)
Batting: RHB Justin Burgess 0-0: Foul Ball, location: 2F
0-1: Ball
1-1: Ball
2-1: Ground out 4-3 (Groundball, 4S)
Bottom of the 6th over - 0 run(s), 0 hit(s), 0 error(s), 0 left on base; St Charles 1 - Vista 0
TOP OF THE 7TH
St Charles Sheens batting - Pitching for Vista Panthers : RHP Randy Mailman
Batting: RHB Max Rash 0-0: Ball
1-0: Ball
2-0: SINGLE (Groundball, 6MD)
Batting: LHB Juan Jose Rojas 0-0: Ball
1-0: Ball
2-0: Called Strike
2-1: Swinging Strike
2-2: SINGLE (Groundball, 34D)
Max Rash to second
Throwing error, E9
Max Rash scores
Juan Jose Rojas to second
Batting: RHB Dan Tyler 0-0: Called Strike
0-1: Ground out 6-3 (Groundball, 56)
Batting: RHB Miguel Palácios 0-0: Ball
1-0: Foul Ball, location: 2F
1-1: Ball
2-1: Ball
Wild Pitch!
Juan Jose Rojas to third
3-1: Fly out, F8 (Flyball, 8LS)
Batting: RHB Víctor Arredondo 0-0: Called Strike
0-1: Fly out, F8 (Flyball, 8RD)
Top of the 7th over - 1 run(s), 2 hit(s), 1 error(s), 1 left on base; St Charles 2 - Vista 0
BOTTOM OF THE 7TH
Vista Panthers batting - Pitching for St Charles Sheens : RHP Oscar Wheeler
Batting: LHB Francisco Marino 0-0: Called Strike
0-1: Ground out 4-3 (Groundball, 4)
Batting: LHB Donovan Bird 0-0: Foul Ball, location: 2F
0-1: Ball
1-1: Ground out 4-3 (Groundball, 4)
Batting: SHB Mark Wells 0-0: Fly out, F6 (Popup, 56)
Bottom of the 7th over - 0 run(s), 0 hit(s), 0 error(s), 0 left on base; St Charles 2 - Vista 0
TOP OF THE 8TH
St Charles Sheens batting - Pitching for Vista Panthers : RHP Randy Mailman
Pitching: RHP António López
Batting: RHB Jesús Hernández 0-0: Ball
1-0: Ball
2-0: Ground out 5-3 (Groundball, 25)
Batting: LHB Gene Cooper 0-0: Ball
1-0: Ball
2-0: Called Strike
2-1: Ball
3-1: Base on Balls
Batting: RHB Judson Backstrom 0-0: Called Strike
0-1: Swinging Strike
0-2: Ball
1-2: Foul Ball, location: 2F
1-2: Fly out, F8 (Line Drive, 78S)
Pitching: LHP Mario Tobías
Batting: LHB Stan Bates 0-0: Ball
1-0: Foul Ball, location: 2F
1-1: Foul Ball, location: 2F
1-2: Foul Ball, location: 2F
1-2: Ball
2-2: Fly out, F8 (Flyball, 78XD)
Top of the 8th over - 0 run(s), 0 hit(s), 0 error(s), 1 left on base; St Charles 2 - Vista 0
BOTTOM OF THE 8TH
Vista Panthers batting - Pitching for St Charles Sheens : RHP Oscar Wheeler
Batting: LHB Bob Cunningham 0-0: Ground out 6-3 (Groundball, 6)
Batting: RHB Roberto Cruz 0-0: Ball
1-0: Called Strike
1-1: Fly out, F9 (Flyball, 9LS)
Batting: RHB Salvador Salas 0-0: Ball
1-0: Called Strike
1-1: Ball
2-1: Swinging Strike
2-2: Fly out, F7 (Flyball, 7)
Bottom of the 8th over - 0 run(s), 0 hit(s), 0 error(s), 0 left on base; St Charles 2 - Vista 0
TOP OF THE 9TH
St Charles Sheens batting - Pitching for Vista Panthers : LHP Mario Tobías
Batting: RHB Max Rash 0-0: Ball
1-0: Foul Ball, location: 2F
1-1: SINGLE (Flyball, 9LM)
Pitching: LHP Thomas Heath
Batting: LHB Juan Jose Rojas 0-0: Bunt missed!
0-1: Ball
1-1: Foul Ball, location: 2F
1-2: Foul Ball, location: 2F
1-2: Foul Ball, location: 2F
1-2: Strikes out swinging
Batting: RHB Dan Tyler 0-0: Ball
1-0: Ball
2-0: Ball
3-0: Called Strike
3-1: Base on Balls
Max Rash to second
Batting: RHB Miguel Palácios 0-0: Ball
1-0: Fly out, F8 (Flyball, 8LM)
Pinch Hitting: RHB Ben Dougherty 0-0: Swinging Strike
0-1: Swinging Strike
0-2: Ball
1-2: Strikes out swinging
Top of the 9th over - 0 run(s), 1 hit(s), 0 error(s), 2 left on base; St Charles 2 - Vista 0
BOTTOM OF THE 9TH
Vista Panthers batting - Pitching for St Charles Sheens : RHP Oscar Wheeler
Now in RF: Ben Dougherty
Batting: RHB Phil Matthews 0-0: Ball
1-0: Foul Ball, location: 2F
1-1: Ground out 6-3 (Groundball, 6D)
Batting: RHB Cisco Gatán 0-0: Ball
1-0: Foul Ball, location: 2F
1-1: Swinging Strike
1-2: Ground out 5-3 (Groundball, 56)
Batting: RHB Justin Burgess 0-0: DOUBLE (Groundball, 3L)
Pitching: RHP Juan Rivera
Pinch Hitting: LHB Patrick Osborne 0-0: Called Strike
0-1: Ball
1-1: Ball
2-1: Ball
3-1: Base on Balls
Batting: LHB Donovan Bird 0-0: Ball
1-0: Ball
2-0: Swinging Strike
2-1: Ball
3-1: Called Strike
3-2: Base on Balls
Justin Burgess to third
Patrick Osborne to second
Batting: SHB Mark Wells 0-0: Ball
1-0: Foul Ball, location: 2F
1-1: Ball
2-1: Ground out U3 (Groundball, 3)
Bottom of the 9th over - 0 run(s), 1 hit(s), 0 error(s), 3 left on base; St Charles 2 - Vista 0
Thursday, March 30th, 2017 - OOTP Baseball 17.12 Build 75